 Dungeon Crawl Stone Soup version 0.27-a0-1232-gc6a4cbde82 (webtiles) character file.

Game seed: 14324180820604923604

261 robertstho the Magician (level 6, -5/42 HPs)
             Began as a Djinni Fire Elementalist on June 8, 2021.
             Slain by a killer bee (6 damage)
             ... on level 3 of the Dungeon.
             The game lasted 00:05:40 (5123 turns).

robertstho the Magician (Djinni Fire Elementalist)  Turns: 5123, Time: 00:05:40

Health: -5/42      AC:  2    Str:  7    XL:     6   Next: 41%
Gold:   141        EV: 12    Int: 19    God:
                   SH:  0    Dex: 13

rFire    + + .     SeeInvis .   f - +1 short sword
rCold    . . .     Faith    .   (no shield)
rNeg     . . .     Spirit   .   a - +0 robe
rPois    ∞         Reflect  .   (no helmet)
rElec    .         Harm     .   (no cloak)
rCorr    .         Rampage  .   (no gloves)
Will     .....                  (boots unavailable)
Stlth    ++........             (no amulet)
HPRegen  0.14/turn              m - ring of protection from cold
MPRegen  0.00/turn              (no ring)

@: brilliant, flying
A: sickness immunity, fire resistance 2, cold vulnerability 1, float, innate
caster, hp casting, extra vitality 1
a: no special abilities


You were on level 3 of the Dungeon.
You visited 1 branch of the dungeon, and saw 4 of its levels.

You collected 141 gold pieces.

Inventory:

Hand Weapons
 f - a +1 short sword (weapon)
Armour
 a - a +0 robe (worn)
Jewellery
 m - a ring of protection from cold (left hand)
Scrolls
 b - 2 scrolls of enchant weapon
 c - a scroll of fog
 j - a scroll of teleportation {unknown}
Potions
 e - 2 potions of magic
 k - a potion of attraction


   Skills:
 + Level 1.3 Fighting
 + Level 2.4 Dodging
 + Level 2.0 Stealth
 * Level 4.8 Spellcasting


You couldn't memorise any spells.
You knew the following spells:

 Your Spells              Type           Power      Damage    Failure   Level
a - Foxfire               Conj/Fire      100%       2x1d9     1%          1
b - Conjure Flame         Conj/Fire      34%        6-21      5%          3
c - Inner Flame           Hex/Fire       34%        N/A       5%          3
d - Sticky Flame          Conj/Fire      34%        2d5       17%         4
e - Fireball              Conj/Fire      17%        3d9       43%         5
f - Freeze                Ice            100%       1d11      1%          1
g - Slow                  Hex            34%        N/A       2%          2
Your spell library was empty.

Dungeon Overview and Level Annotations

Branches:
Dungeon (4/15)
 Temple: D:4-7

Altars:
Sif Muna

Shops:
D:1 =   D:3 :


Innate Abilities, Weirdness & Mutations

You are immune to sickness and miasma.
You are immune to poison.
Your flesh is very heat resistant. (rF++)
You are vulnerable to cold. (rC-)
You float through the air rather than walking.
You learn spells naturally, not from books.
Your magical power is your life essence.
You have superior vitality. (+4 HP)


Message History

* * * LOW HITPOINT WARNING * * *
The killer bee closely misses you. x2; The killer bee stings you.
* * * LOW HITPOINT WARNING * * *
It was a potion of brilliance.
You feel clever all of a sudden. The killer bee misses you. x2
It was a potion of curing.
You feel better. The killer bee barely misses you. The killer bee misses you.
As you read the scroll labelled KIAJAB RAGAD, it crumbles to dust.
It is a scroll of enchant weapon.
Your +0 short sword glows red for a moment.
The killer bee stings you.
* * * LOW HITPOINT WARNING * * *
The killer bee closely misses you.
As you read the scroll labelled ERHASUOQUP, it crumbles to dust.
The scroll dissolves into smoke.
It was a scroll of fog.
The killer bee closely misses you.
The killer bee stings you but does no damage.
As you read the scroll labelled EDWEOC KIUMO, it crumbles to dust.
The creatures around you are filled with an inner flame!
It was a scroll of immolation.
The killer bee barely misses you. The killer bee stings you.
* * * LOW HITPOINT WARNING * * *
As you read the scroll labelled TORAES ZEWIEV, it crumbles to dust.
It is a scroll of identify.
k - a potion of attraction The killer bee stings you.
* * * LOW HITPOINT WARNING * * *
The killer bee closely misses you.
There is a stone staircase leading up here.
The killer bee completely misses you. The killer bee closely misses you.
The killer bee stings you but does no damage.
You fly upwards.
There is a stone staircase leading down here.
You aren't carrying any items that you can evoke.
Unknown command.
As you read the scroll labelled BINLITETEIM, it crumbles to dust.
You hear a loud clanging noise!
It was a scroll of noise.
The killer bee stings you.
You die...

#...##.###.....# #.#
##.#.##.#.......# #.#
#.....>.#.#####.# #.#
#..<....#.#####.#####.#
#.##.##.#.##....(.....#
#.##....#.##.##.#######
#.#####.#.......#
#)#####.#y......#
#........@...#.##
##########.###.#
#.###.# #.....# #######


You could see a killer bee (inner flame).

Vanquished Creatures
  A killer bee (D:4)
  A howler monkey (D:4)
  An iguana (D:4)
  An orc wizard (D:4)
  3 gnolls (D:4)
  4 worms
  4 dart slugs
  2 orcs (D:4)
  6 ball pythons
  12 bats
  5 endoplasms
  A giant cockroach (D:2)
  5 hobgoblins
  10 jackals
  2 quokkas (D:1)
  2 frilled lizards
  8 goblins
  9 kobolds
  2 rats
79 creatures vanquished.

Vanquished Creatures (collateral kills)
  4 foxfires (D:1)
4 creatures vanquished.

Vanquished Creatures (others)
  346 foxfires
  10 plants (D:1)
356 creatures vanquished.

Grand Total: 439 creatures vanquished

Notes
Turn   | Place    | Note
-------+----------+-------------------------------------------
     0 | D:1      | robertstho the Djinni Fire Elementalist began the quest for
                  | the Orb.
     0 | D:1      | Reached XP level 1. HP: 15/15 MP: 0/0
   433 | D:1      | Reached XP level 2. HP: 7/21 MP: 0/0
   613 | D:1      | Reached skill level 3 in Spellcasting
   944 | D:1      | Reached XP level 3. HP: 22/25 MP: 0/0
   944 | D:1      | Learned a level 1 spell: Freeze
  1618 | D:1      | Found Eghac's Jewellery Shop.
  2232 | D:2      | Reached XP level 4. HP: 23/31 MP: 0/0
  3670 | D:3      | Found Getodgh's Book Shoppe.
  4562 | D:4      | Reached skill level 4 in Spellcasting
  4562 | D:4      | Reached XP level 5. HP: 29/36 MP: 0/0
  4562 | D:4      | Learned a level 2 spell: Slow
  4916 | D:4      | Reached XP level 6. HP: 38/41 MP: 0/0
  4921 | D:4      | Reached skill level 1 in Fighting
  5119 | D:4      | HP: 1/42 [killer bee (2)]
  5123 | D:3      | Slain by a killer bee

Illustrated notes

Levels and vault maps discovered:
D:1:      tarquinn_simple_flora_water_c, layout_basic, serial_shops,
          nicolae_shop_trees, serial_bayou, serial_bayou_pond_b,
          serial_bayou_lake_a, serial_bayou_pond_c, serial_bayou_shore_a,
          serial_bayou_pond_b, serial_bayou_ford_a, chequers_decorated_corner,
          minmay_pentomino_o4
D:2:      layout_loops_ring, basic_altar, minmay_misc_feat_doors
D:3:      layout_loops_cross, serial_shops, nicolae_shop_trees
D:4:      layout_basic

Skill      XL: |  1  2  3  4  5  6 |
---------------+-------------------+-----
Spellcasting   | 3 4 |  4.8
Stealth        | 2 |  2.0
Fighting       | 1 |  1.3
Dodging        | |  2.4

Action                   |  1- 3 |  4- 6 || total
-------------------------+-------+-------++-------
Melee: Short sword       |       |     1 ||     1
 Cast: Foxfire           |    88 |   145 ||   233
       Sticky Flame      |       |     1 ||     1
  Use: Scroll            |       |     5 ||     5
       Potion            |       |     3 ||     3
Armor: Robe              |     2 |     6 ||     8
Dodge: Dodged            |    17 |    32 ||    49

Table legend: (Time is in decaauts)
 A = Elapsed time spent in this place.
 B = Non-inter-level travel time spent in this place.
 C = Inter-level travel time spent in this place.
 D = Time resting spent in this place.
 E = Time spent auto-exploring this place.
 F = Levels seen in this place.
 G = Mean time per level.
                   A        B        C        D        E       F      G
               +--------+--------+--------+--------+--------+-----+--------+
         Total |   5121 |   5033 |     88 |      2 |   4542 |   4 | 1280.2 |
       Dungeon |   5121 |   5033 |     88 |      2 |   4542 |   4 | 1280.2 |
               +--------+--------+--------+--------+--------+-----+--------+

Top non-repeatable levels by time:
     D:2: 1827 daAuts
     D:1: 1801 daAuts
     D:3: 927 daAuts
     D:4: 566 daAuts
